 Dungeon Crawl Stone Soup version 0.20.1-1-g8b1a95d (webtiles) character file.

82 Gerstahl the Slasher (level 4, 0/42 HPs)
             Began as a Naga Skald on Nov 28, 2017.
             Slain by a goblin
             ... wielding a +0 dagger
             ... led by Robin
              (2 damage)
             ... on level 2 of the Dungeon.
             The game lasted 00:06:19 (2204 turns).

Gerstahl the Slasher (Naga Skald)                   Turns: 2204, Time: 00:06:21

Health: 0/42       AC:  3    Str: 15    XL:     4   Next: 43%
Magic:  0/7        EV:  9    Int: 13    God:
Gold:   114        SH:  0    Dex: 10    Spells: 6/7 levels left

rFire    . . .     SeeInvis +   a - +0 falchion
rCold    . . .     Gourm    .   (no shield)
rNeg     . . .     Faith    .   b - +0 leather armour
rPois    +         Spirit   .   (no helmet)
rElec    .         Reflect  .   n - +0 cloak
rCorr    .         Harm     .   (no gloves)
MR       .....                  (no barding)
Stlth    +.........             (no amulet)
Regen    0.2/turn               (no ring)
MPRegen  0.1/turn               (no ring)

@: infused (expiring), very slow
A: see invisible, deformed body, poison resistance, slowness 2, slow metabolism
1, spit poison 1, AC +1
a: Spit Poison


You were on level 2 of the Dungeon.
You were not hungry.

You visited 1 branch of the dungeon, and saw 2 of its levels.

You collected 114 gold pieces.

Inventory:

Hand Weapons
 a - a +0 falchion (weapon)
Armour
 b - a +0 leather armour (worn)
 n - a +0 cloak (worn)
 u - a +0 pair of boots
Jewellery
 o - an uncursed ring of stealth {unknown}
Scrolls
 f - 2 scrolls of remove curse {unknown}
 k - 2 scrolls of fear {unknown}
 l - a scroll of magic mapping {unknown}
 p - a scroll of teleportation {unknown}
 s - a scroll of identify {unknown}
Potions
 e - a potion of invisibility {unknown}
 g - 2 potions of curing {unknown}
 i - a potion of haste {unknown}
 j - a potion of degeneration {unknown}
 m - a potion of resistance {unknown}
 q - a potion of brilliance {unknown}
 t - a potion of agility {unknown}
Books
 c - a book of Battle

   Spells                             Type                      Level
   a - Infusion                       Charms                       1
   b - Shroud of Golubria             Charms/Translocation         2
   c - Song of Slaying                Charms                       2
   d - Spectral Weapon                Hexes/Charms                 3
   e - Regeneration                   Charms/Necromancy            3
Comestibles
 d - a bread ration
 h - 2 royal jellies


   Skills:
 + Level 3.3 Fighting
 + Level 3.4 Long Blades
 - Level 0.7 Armour
 - Level 1.5 Dodging
 - Level 2.0 Spellcasting
 - Level 3.0 Charms


You had 6 spell levels left.
You knew the following spells:

 Your Spells              Type           Power        Failure   Level  Hunger
a - Infusion              Chrm           #...         9%          1    ##.....


Dungeon Overview and Level Annotations

Branches:
Dungeon (2/15)

Altars:


Innate Abilities, Weirdness & Mutations

You cannot wear boots.
Your serpentine skin is tough. (AC +1)
You have supernaturally acute eyesight. (SInv)
Armour fits poorly on your strangely shaped body.
Your system is resistant to poisons. (rPois)
You cover ground very slowly.
You have a slow metabolism.
You can spit poison.


Message History

The goblin no longer looks unusually strong.
You closely miss the goblin.
Your magical infusion is running out.
The goblin closely misses you.
You closely miss the goblin.
The hobgoblin no longer looks unusually strong.
A goblin comes into view.
You barely miss the hobgoblin.
The goblin shouts!
The goblin no longer looks unusually strong.
The goblin hits you but does no damage. The hobgoblin hits you.
* * * LOW HITPOINT WARNING * * *
You hit the hobgoblin but do no damage.
The goblin no longer looks unusually strong. x2
The goblin hits you with a dagger.
* * * LOW HITPOINT WARNING * * *
The hobgoblin hits you.
* * * LOW HITPOINT WARNING * * *
The goblin hits you with a dagger.
You die...

.#.# #.##.....#
#.....# .#.#
#.######'###.....#
.#.#
#................#
##.#
#..........#######
##.# #...........#
...# #...........#
...# #...........#
..## ####.....##†#
..# ##+###.##@#
##.. .......ggg#
... .....##g###
.... ......... ..
. ##.... .r....
#.....g. #.....g.g
........g.


You could see a hobgoblin, 3 goblins and a rat (wandering).

Vanquished Creatures
  Robin (D:2)
  An ooze (D:1)
  4 dart slugs
  3 leopard geckos (D:1)
  4 bats
  2 giant cockroaches (D:1)
  11 goblins
  6 hobgoblins
  8 jackals
  A quokka (D:2)
  A frilled lizard (D:1)
  6 kobolds
  4 rats (D:1)
52 creatures vanquished.

Notes
Turn   | Place    | Note
-------+----------+-------------------------------------------
     0 | D:1      | Gerstahl the Naga Skald began the quest for the Orb.
     0 | D:1      | Reached XP level 1. HP: 19/19 MP: 3/3
   284 | D:1      | Reached XP level 2. HP: 27/27 MP: 5/5
   971 | D:1      | Reached XP level 3. HP: 31/33 MP: 6/6
  1965 | D:2      | Found a faded altar of an unknown god.
  2052 | D:2      | Reached XP level 4. HP: 39/42 MP: 7/7
  2175 | D:2      | Noticed Robin
  2198 | D:2      | Killed Robin
  2204 | D:2      | HP: 2/42 [hobgoblin[Robin] (1)]
  2204 | D:2      | Slain by a goblin

Skill      XL: |  1  2  3 |
---------------+----------+-----
Long Blades    | 3 |  3.4
Fighting       | 3 |  3.3
Armour         | |  0.7
Dodging        | |  1.5
Spellcasting   | |  2.0
Charms         | |  3.0

Action                   |  1- 3 |  4- 6 || total
-------------------------+-------+-------++-------
Melee: Falchion          |   149 |    26 ||   175
 Cast: Infusion          |       |     1 ||     1
 Abil: Spit Poison       |     1 |       ||     1
  Eat: Chunk             |     2 |     1 ||     3
Armor: Leather armour    |    50 |    10 ||    60
Dodge: Dodged            |   112 |    21 ||   133
       Rpst.: Falchion   |    38 |     3 ||    41
